 Dungeon Crawl Stone Soup version 0.30.1-11-g7821555f0a (webtiles) character file.

Game seed: 6937276173328122139

175 KittyFluff the Trooper (level 5, -1/33 HPs)
             Began as a Gargoyle Berserker on Nov 4, 2023.
             Was a Priest of Trog.
             Slain by a gnoll sergeant
             ... wielding a +0 trident
              (4 damage)
             ... on level 4 of the Dungeon.
             The game lasted 00:12:26 (3124 turns).

KittyFluff the Trooper (Gargoyle Berserker)         Turns: 3124, Time: 00:12:27

Health: -1/33      AC:  7    Str: 22    XL:     5   Next: 55%
Magic:  5/5        EV: 11    Int:  8    God:    Trog [***...]
Gold:   87         SH:  0    Dex:  9    Spells: 4/4 levels left

rFire   . . .        p - +0 quarterstaff
rCold   . . .        (shield currently unavailable)
rNeg    + + .        i - +0 leather armour
rPois   ∞            (no helmet)
rElec   +            (no cloak)
rCorr   .            (no gloves)
SInv    .            (no boots)
Will    .....        (no amulet)
Stlth   +            l - ring of positive energy
HPRegen 0.25/turn    (no ring)
MPRegen 0.09/turn

%: no passive effects
@: no status effects
A: sickness immunity, AC +4, negative energy resistance 1, electricity
resistance, torment resistance 1, petrification resistance
a: Renounce Religion, Berserk, Trog's Hand


You were on level 4 of the Dungeon.
You worshipped Trog.
Trog was most pleased with you.
You visited 1 branch of the dungeon, and saw 4 of its levels.

You collected 87 gold pieces.

Inventory:

Hand Weapons
 a - a +0 mace
 b - a +0 sling
 p - a +0 quarterstaff (weapon)
Armour
 i - a +0 leather armour (worn)
Jewellery
 l - a ring of positive energy (left hand)
Wands
 s - a wand of polymorph (9)
Scrolls
 d - 4 scrolls of amnesia {unknown}
 f - a scroll of silence {unknown}
 g - 5 scrolls of identify {unknown}
 h - a scroll of vulnerability {unknown}
 j - a scroll of enchant weapon {unknown}
 k - a scroll of poison {unknown}
 o - a scroll of teleportation {unknown}
 t - a scroll of blinking {unknown}
 u - 2 scrolls of fear {unknown}
Potions
 c - a potion of resistance {unknown}
 e - 3 potions of curing
 m - a potion of degeneration {unknown}
 n - a potion of lignification {unknown}
 q - a potion of ambrosia {unknown}
 r - a potion of mutation {unknown}


   Skills:
 + Level 4.0 Fighting
 - Level 3.9(4.0) Maces & Flails
 * Level 1.2(2.8) Staves
 * Level 4.0 Armour
 + Level 2.2 Dodging


You had 4 spell levels left.
You didn't know any spells.
Your spell library was empty.

Dungeon Overview and Level Annotations

Branches:
Dungeon (4/15)
 Temple: D:4-7

Altars:

Shops:
D:1 [(((   D:2 (

Annotations:
D:4 Dowan, Duvessa


Innate Abilities, Weirdness & Mutations

You are immune to sickness and miasma.
Your stone body is resilient. (AC +4)
You are immune to poison.
You resist negative energy. (rN+)
You are resistant to electric shocks. (rElec)
You are resistant to unholy torment.
You are immune to petrification.


Message History

The cerulean imp disappears in a puff of smoke!
Your Fighting skill increases to level 4!
Your base Staves skill increases to level 1!
Your Armour skill increases to level 4!
You see here the felid corpse of Natasha.
The endoplasm quivers.
The endoplasm hits you but does no damage.
You hit the endoplasm.
The endoplasm is severely wounded.
The endoplasm hits you but does no damage.
You hit the endoplasm but do no damage.
The endoplasm is severely wounded.
The endoplasm hits you but does no damage.
You sock the endoplasm!
You kill the endoplasm!
Trog accepts your kill.
Found a transparent ruby amulet.
The gnoll sergeant shouts!
The gnoll shouts!
You hear a shout! x3
The gnoll hits you with a +0 spear. The gnoll attacks as you move away!
The gnoll hits you with a +0 spear. The gnoll hits you but does no damage.
A scorpion comes into view.
The gnoll misses you.
You hit the gnoll.
The gnoll is moderately wounded.
The gnoll sergeant closely misses you. The gnoll misses you.
You thump the gnoll!
The gnoll is almost dead.
The gnoll sergeant hits you from afar with a +0 trident.
The gnoll hits you with a +0 spear! The scorpion barely misses you.
You sock the gnoll!
You kill the gnoll!
Trog accepts your kill.
The gnoll sergeant hits you from afar with a +0 trident!
* * * LOW HITPOINT WARNING * * *
The scorpion stings you but does no damage.
The gnoll sergeant closely misses you.
You hit the scorpion but do no damage. The scorpion closely misses you. x2
The gnoll sergeant hits you from afar with a +0 trident.
You die...

#...##.#.. #
#...##.# #
#...##.# #
#...##.# #
#...##.# #
#...##.# .###
#...# .# ....
#######...##.#
#
#.s@)ggg.....#
#
#.######.#####
# #.
#..............
#s
#.#.#####..##.#
#. #.#g# ####
#. # ".. .
##... #. #.g ..
##⌠.g. #. #..
...#..gg.
#.........g⌠g


You could see a gnoll sergeant, a scorpion and 2 gnolls.

Vanquished Creatures
  Natasha (D:4)
  A gnoll (D:4)
  6 adders
  A worm (D:3)
  2 dart slugs (D:1)
  4 orcs (D:3)
  4 bats
  5 endoplasms
  2 giant cockroaches
  4 goblins
  8 hobgoblins
  7 jackals
  6 kobolds
  4 quokkas
  6 ball pythons
  9 frilled lizards
  9 rats
79 creatures vanquished.

Notes
Turn   | Place    | Note
-------+----------+-------------------------------------------
     0 | D:1      | KittyFluff the Gargoyle Berserker began the quest for the
                  | Orb.
     0 | D:1      | Reached XP level 1. HP: 14/14 MP: 1/1
    78 | D:1      | Found Qodim's Armour Shop.
   108 | D:1      | Found Amnisouc's Weapon Boutique.
   190 | D:1      | Reached XP level 2. HP: 15/19 MP: 2/2
   416 | D:1      | Found Lahan's Antique Weapon Emporium.
   428 | D:1      | Found Omoag's Antique Weapon Shop.
   667 | D:1      | Reached XP level 3. HP: 23/23 MP: 3/3
  1014 | D:1      | Reached ** piety under Trog
  1275 | D:2      | Found Loantoq's Antique Weapon Boutique.
  1476 | D:2      | Reached XP level 4. HP: 17/29 MP: 4/4
  2132 | D:3      | Reached *** piety under Trog
  2519 | D:3      | Reached XP level 5. HP: 33/33 MP: 5/5
  2895 | D:4      | Noticed Duvessa
  2895 | D:4      | Noticed Dowan
  3085 | D:4      | Noticed Natasha
  3091 | D:4      | Killed Natasha
  3092 | D:4      | Reached skill level 1 in Staves
  3124 | D:4      | Slain by a gnoll sergeant

Illustrated notes

Levels and vault maps discovered:
D:1:      nzn_arrival_crosshair, layout_basic, serial_shops, shop,
          nicolae_shop_stone, nicolae_shop_dealshenge, nicolae_diamond_shop,
          minmay_shallow_snake_nest
D:2:      wander_river, layout_loops_ring, serial_shops,
          nicolae_shop_dealshenge, grunt_ministairs_12, minmay_statues_item
D:3:      layout_loops_ring, kennysheep_donut
D:4:      layout_basic, serial_shops, nicolae_shop_peninsula,
          grunt_ministairs_7, uniq_natasha, uniq_duvessa, uniq_ijyb

Skill      XL: |  1  2  3  4  5 |
---------------+----------------+-----
Armour         | 3 4 |  4.0
Dodging        | 2 |  2.2
Fighting       | 4 |  4.0
Staves         | 1 |  1.2
Maces & Flails | |  3.9

Action                     |  1- 3 |  4- 6 || total
---------------------------+-------+-------++-------
  Melee: Mace              |   119 |    78 ||   197
         Punch             |     1 |       ||     1
         Quarterstaff      |       |    59 ||    59
   Stab: Sleeping          |     1 |       ||     1
 Armour: Animal skin       |    26 |       ||    26
         Leather armour    |    24 |    57 ||    81
  Dodge: Dodged            |    78 |   109 ||   187
